 Dungeon Crawl Stone Soup version 0.28-a0-1233-g92def6ad0a (webtiles) character file.

Game seed: 15974310664596417590

53 Lekart the Skirmisher (level 3, 0/31 (33) HPs)
             Began as a Draconian Chaos Knight on Dec 23, 2021.
             Was a Plaything of Xom.
             Slain by Ijyb (3 damage)
             ... on level 3 of the Dungeon.
             The game lasted 00:02:04 (2463 turns).

Lekart the Skirmisher (Draconian Chaos Knight)      Turns: 2463, Time: 00:02:05

HP:   0/31 (33)     AC:  5    Str: 14    XL:     3   Next: 62%
MP:   3/3           EV: 12    Int: 10    God:    Xom [.....*]
Gold: 30            SH:  3    Dex: 14    Spells: 2/2 levels left

rFire   . . .      SeeInvis .   a - +0 hand axe (chaos)
rCold   . . .      Faith    .   g - +0 buckler
rNeg    . . .      Spirit   .   (armour unavailable)
rPois   .          Reflect  .   (helmet restricted)
rElec   .          Harm     .   (no cloak)
rCorr   .          Rampage  .   (no gloves)
Will    .....      Clarity  +   (no boots)
Stlth   +.........              (no amulet)
HPRegen 0.10/turn               (no ring)
MPRegen 0.08/turn               (no ring)

@: drained, invisible
A: AC +5, unfitting armour, cold-blooded, agile 1, clarity, deterioration 1,
dopey 1
a: Renounce Religion


You were on level 3 of the Dungeon.
You worshipped Xom.
You were Xom's teddy bear.
You visited 1 branch of the dungeon, and saw 3 of its levels.

You collected 30 gold pieces.

Inventory:

Hand Weapons
 a - a +0 hand axe of chaos (weapon)
Armour
 g - a +0 buckler (worn)
Scrolls
 b - a scroll of noise {unknown}
 d - a scroll of acquirement {unknown}
 e - 3 scrolls of identify {unknown}
 h - a scroll of immolation {unknown}
 j - a scroll of amnesia {unknown}
Potions
 c - a potion of curing
 f - a potion of might {unknown}
 i - a potion of resistance {unknown}


   Skills:
 + Level 4.0 Fighting
 + Level 3.7 Axes
 + Level 2.5 Dodging
 + Level 0.2 Shields


You had 2 spell levels left.
You didn't know any spells.
Your spell library contained the following spells:

 Spells                   Type           Power      Damage    Failure   Level
 Sting                    Tmut/Pois      0%         1d3       52%         1
 Passwall                 Tmut/Erth      0%         N/A       67%         2
 Poisonous Vapours        Pois/Air       0%         N/A       67%         2
 Swiftness                Air            0%         N/A       88%         3
 Olgreb's Toxic Radiance  Pois           0%         N/A       99%         4


Dungeon Overview and Level Annotations

Branches:
Dungeon (3/15)

Altars:
Xom

Shops:
D:1 !

Annotations:
D:3 Ijyb


Innate Abilities, Weirdness & Mutations

Your plain brown scales are hard. (AC +5)
You cannot fit into any form of body armour.
You are cold-blooded and may be slowed by cold attacks.
You are agile. (Dex +2)
You possess an exceptional clarity of mind.
Your body sometimes deteriorates upon taking damage.
You are dopey. (Int -2)


Message History

You hit Ijyb.
Ijyb flickers and vanishes!
Deactivating autopickup; reactivate with Ctrl-A.
Xom is highly amused!
You tail-slap something. You hit the orc. The orc closely misses you.
Something hits you. The orc barely misses you.
You hit the orc.
You feel better.
The orc is severely wounded.
You miss something. Something hits you. The orc barely misses you.
You slash the orc! You freeze the orc.
You kill the orc!
You closely miss something. Something hits you.
No target in view!
No target in view!
You miss something. Something barely misses you. Something hits you.
You hit something but do no damage. You miss something.
Something hits you but does no damage.
You miss something. Something hits you.
You barely miss something.
Your tail-slap misses something.
Something hits you.
You miss something. Something hits you.
You hear a zap.
A puff of flame appears from out of thin air!
The puff of flame misses you.
You hit something but do no damage.
You hear a zap.
A puff of flame appears from out of thin air!
The puff of flame misses you.
You barely miss something. Something hits you.
You hit something but do no damage.
You hear a zap.
A puff of flame appears from out of thin air!
The puff of flame misses you.
You miss something. Something hits you but does no damage. Something hits you.
You hit something. You burn something.
You hear a zap.
A puff of flame appears from out of thin air!
The puff of flame hits you!
* * * LOW HITPOINT WARNING * * *
You closely miss something. Something hits you.
You die... "What!?
That's it?"

######### ###.....
#........ #.....>#
#.#.....# #......#
#.#.<...+ #......#
#.#.....# #......#
#.#.....# #......##
#.#.....# #..)....#
.#.#.....#
#.{@...:##.#.#.....#
............##.#.#.....#
###########..#.#.#.....#
##.#.#.# #...#.# #...#.#
#...#.# #.#>#.# #.###.#


There were no monsters in sight!

Vanquished Creatures
  An adder (D:2)
  An orc (D:3)
  A giant cockroach (D:1)
  3 goblins
  5 hobgoblins
  7 quokkas (D:1)
  2 ball pythons (D:1)
  7 bats
  A frilled lizard (D:1)
  8 kobolds
  7 rats
43 creatures vanquished.

Notes
Turn   | Place    | Note
-------+----------+-------------------------------------------
     0 | D:1      | Lekart the Draconian Chaos Knight began the quest for the
                  | Orb.
     0 | D:1      | Reached XP level 1. HP: 19/19 MP: 1/1
   404 | D:1      | Found Licici's Distillery.
   413 | D:1      | XOM: summons friendly iron imp
   415 | D:1      | Reached XP level 2. HP: 26/26 MP: 2/2
   738 | D:1      | XOM: scenery: create altars
   761 | D:1      | XOM: divination: detect creatures
  1383 | D:1      | XOM: give mutations
  1383 | D:1      | Gained mutation: You are dopey. (Int -2) [Xom's mischief]
  1383 | D:1      | Gained mutation: You sometimes lose the ability to read
                  | scrolls when taking damage. [Xom's mischief]
  1383 | D:1      | Gained mutation: You are agile. (Dex +2) [Xom's mischief]
  1544 | D:1      | XOM: silly message
  1593 | D:1      | XOM: give mutations
  1593 | D:1      | Lost mutation: You sometimes lose the ability to read
                  | scrolls when taking damage. [Xom's mischief]
  1593 | D:1      | Gained mutation: Your body sometimes deteriorates upon
                  | taking damage. [Xom's mischief]
  1723 | D:2      | Reached XP level 3. HP: 21/33 MP: 3/3
  1753 | D:2      | XOM: 5-stop teleportation journey
  2034 | D:2      | Reached skill level 4 in Fighting
  2057 | D:2      | XOM: give mutation
  2057 | D:2      | Gained mutation: You possess an exceptional clarity of
                  | mind. [Xom's grace]
  2116 | D:2      | XOM: god gift: book of Burglary
  2441 | D:3      | Noticed Ijyb
  2447 | D:3      | XOM: potion effect (invisibility)
  2463 | D:3      | Slain by Ijyb

Illustrated notes

Levels and vault maps discovered:
D:1:      mainiacjoe_arrival_reflecting_pool, layout_basic, serial_shops, shop
D:2:      layout_loops_ring
D:3:      layout_basic, serial_shops, nicolae_shop_advertising_works
          [nicolae_subvault_shop_adworks], uniq_ijyb

Skill      XL: |  1  2  3 |
---------------+----------+-----
Fighting       | 4 |  4.0
Axes           | |  3.7
Dodging        | |  2.5
Shields        | |  0.2

Action                   || total
-------------------------++-------
Melee: Hand axe          ||   155
       Tailslap          ||    12
  Use: Potion            ||     4
 Stab: Paralysed         ||     1
       Invisible         ||     2
       Sleeping          ||     1
Armor: Skin              ||    36
Dodge: Dodged            ||    92
Block: Buckler           ||    12

Table legend: (Time is in decaauts)
 A = Elapsed time spent in this place.
 B = Non-inter-level travel time spent in this place.
 C = Inter-level travel time spent in this place.
 D = Time resting spent in this place.
 E = Time spent auto-exploring this place.
 F = Levels seen in this place.
 G = Mean time per level.
                   A        B        C        D        E       F      G
               +--------+--------+--------+--------+--------+-----+--------+
         Total |   2469 |   2367 |    102 |    246 |   1786 |   3 |  823.0 |
       Dungeon |   2469 |   2367 |    102 |    246 |   1786 |   3 |  823.0 |
               +--------+--------+--------+--------+--------+-----+--------+

Top non-repeatable levels by time:
     D:1: 1706 daAuts
     D:2: 687 daAuts
     D:3: 75 daAuts
